 Dungeon Sprint DCSS version 0.28-a0-872-g80cf8599ee (webtiles) character file.

Game seed: 4049575491009193059

541 tatocazan the Fighter (level 7, -1/62 HPs)
             Began as a Demonspawn Fighter on Nov 20, 2021.
             Was a Follower of Okawaru.
             Slain by a vampire mosquito (5 damage)
             ... in the Dungeon (Sprint IX: "|||||||||||||||||||||||||||||").
             The game lasted 00:01:47 (517 turns).

tatocazan the Fighter (Demonspawn Fighter)           Turns: 517, Time: 00:01:48

Health: -1/62      AC: 10    Str: 21    XL:     7   Next: 5%
Magic:  7/7        EV:  9    Int: 12    God:    Okawaru [*.....]
Gold:   0          SH:  6    Dex: 13    Spells: 6/6 levels left

rFire   . . .      SeeInvis .   a - +0 war axe
rCold   . . .      Faith    .   c - +0 buckler
rNeg    . . .      Spirit   .   p - +1 scale mail
rPois   .          Reflect  .   (no helmet)
rElec   .          Harm     .   o - +0 cloak
rCorr   .          Rampage  .   (no gloves)
Will    .....      NoTele   +   (no boots)
Stlth   ..........              (no amulet)
HPRegen 0.20/turn               q - +3 ring of strength
MPRegen 0.10/turn               r - +3 ring of intelligence

@: hasted, very quick
A: claws 1, (demonic guardian 1)
a: Renounce Religion, Heroism


You were in the Dungeon.
You worshipped Okawaru.
Okawaru was aware of your devotion.
You visited 1 branch

Inventory:

Hand Weapons
 a - a +0 war axe (weapon)
 m - the +2 halberd "Plojy" {chaos, rC+ rCorr Stlth-}
   (You found it in the Dungeon)

   Each time it hits an enemy it has a different, random effect.
   rC:        It protects you from cold.
   rCorr:     It protects you from acid and corrosion.
   Stlth:     It makes you less stealthy.
 n - a +3 vorpal war axe
Armour
 c - a +0 buckler (worn)
 o - a +0 cloak (worn)
 p - a +1 scale mail (worn)
Jewellery
 q - a +3 ring of strength (left claw)
 r - a +3 ring of intelligence (right claw)
Wands
 l - a wand of iceblast (10)
Scrolls
 j - 2 scrolls of blinking
 k - 2 scrolls of amnesia
Potions
 e - 2 potions of curing
 f - a potion of invisibility
 h - 4 potions of magic


   Skills:
 + Level 8.2 Fighting
 + Level 7.1 Axes
 + Level 7.5 Armour
 + Level 7.5 Shields


You had 6 spell levels left.
You didn't know any spells.
Your spell library was empty.

Dungeon Overview and Level Annotations

Branches:
Dungeon (1/1)

Altars:
Cheibriados
Dithmenos
Elyvilon
Fedhas
Gozag
Hepliaklqana
Kikubaaqudgha
Makhleb
Nemelex Xobeh
Okawaru
Qazlal
Ru
Sif Muna
Trog
Uskayaw
Vehumet
Wu Jian
Xom
Yredelemnul
Zin
The Shining One
Beogh
Jiyva
Lugonu


Innate Abilities, Weirdness & Mutations

You have sharp fingernails.
((A weak demonic guardian rushes to your aid.))


Message History

You hit the vampire mosquito but do no damage.
The vampire mosquito is heavily damaged.
The vampire mosquito bites you.
* * * LOW HITPOINT WARNING * * *
The vampire mosquito draws strength from your injuries!
The vampire mosquito completely misses you.
You take 2 damage, and have 5/62 hp.
You closely miss the vampire mosquito.
The vampire mosquito is heavily damaged.
The vampire mosquito barely misses you.
You barely miss the vampire mosquito.
The vampire mosquito is heavily damaged.
You block the vampire mosquito's attack.
The vampire mosquito completely misses you.
You miss the vampire mosquito.
The vampire mosquito is heavily damaged.
The vampire mosquito barely misses you.
The vampire mosquito closely misses you.
You closely miss the vampire mosquito.
The vampire mosquito is heavily damaged.
The vampire mosquito bites you.
* * * LOW HITPOINT WARNING * * *
The vampire mosquito draws strength from your injuries!
You take 4 damage, and have 1/62 hp.
You closely miss the vampire mosquito.
The vampire mosquito is moderately damaged.
The vampire mosquito closely misses you.
The vampire mosquito barely misses you.
You feel better. The vampire mosquito bites you.
* * * LOW HITPOINT WARNING * * *
The vampire mosquito draws strength from your injuries!
You feel better. The vampire mosquito bites you.
* * * LOW HITPOINT WARNING * * *
The vampire mosquito draws strength from your injuries!
You regained 2 hp, and now have 4/62 hp.
You hit the vampire mosquito but do no damage.
The vampire mosquito is lightly damaged.
You block the vampire mosquito's attack.
The vampire mosquito bites you.
You die...

▓.▓
▓)▓
▓.▓
▓.▓
▓[▓
▓.▓
▓.▓
▓[▓
▓@▓
▓y▓
▓Z▓
▓.▓
▓.▓
▓.▓
▓.▓
▓+▓


You could see a vampire mosquito and a giant cockroach zombie.

Vanquished Creatures
  A wyvern (D)
  A steam dragon (D)
  A water moccasin (D)
  A centaur (D)
  A wight (D)
  A jelly (D)
  3 adders (D)
  2 giant cockroaches (D)
  A goblin (D)
  A kobold (D)
  A rat (D)
14 creatures vanquished.

Notes
Turn   | Place    | Note
-------+----------+-------------------------------------------
     0 | D        | tatocazan the Demonspawn Fighter began the quest for the
                  | Orb.
     0 | D        | Reached XP level 1. HP: 18/18 MP: 1/1
    17 | D        | Noticed a jelly
    17 | D        | Noticed a water moccasin
    20 | D        | Killed a jelly
    21 | D        | Reached skill level 4 in Fighting
    21 | D        | Gained mutation: A weak demonic guardian rushes to your
                  | aid. [demonic ancestry]
    21 | D        | Reached XP level 2. HP: 4/25 MP: 2/2
    21 | D        | Reached XP level 3. HP: 5/30 MP: 3/3
    31 | D        | Killed a water moccasin
    32 | D        | Reached skill level 5 in Fighting
    32 | D        | Reached skill level 5 in Armour
    32 | D        | Reached skill level 5 in Shields
    32 | D        | Reached XP level 4. HP: 39/40 MP: 4/4
    33 | D        | Gained mutation: You have sharp fingernails. [demonic
                  | ancestry]
    33 | D        | Reached XP level 5. HP: 44/46 MP: 5/5
    37 | D        | Reached skill level 5 in Axes
    39 | D        | Reached skill level 6 in Fighting
   397 | D        | Found a snail-covered altar of Cheibriados.
   397 | D        | Found a shadowy altar of Dithmenos.
   397 | D        | Found a blossoming altar of Fedhas.
   397 | D        | Found an opulent altar of Gozag.
   398 | D        | Found a hazy altar of Hepliaklqana.
   399 | D        | Found a viscous altar of Jiyva.
   400 | D        | Found an ancient bone altar of Kikubaaqudgha.
   401 | D        | Found a corrupted altar of Lugonu.
   402 | D        | Found a burning altar of Makhleb.
   403 | D        | Found a sparkling altar of Nemelex Xobeh.
   404 | D        | Found an iron altar of Okawaru.
   405 | D        | Found a stormy altar of Qazlal.
   406 | D        | Found a sacrificial altar of Ru.
   407 | D        | Found a shimmering blue altar of Sif Muna.
   408 | D        | Found a bloodstained altar of Trog.
   409 | D        | Found a hide-covered altar of Uskayaw.
   410 | D        | Found a radiant altar of Vehumet.
   411 | D        | Found an ornate altar of the Wu Jian Council.
   412 | D        | Became a worshipper of Warmaster Okawaru
   413 | D        | Found a shimmering altar of Xom.
   414 | D        | Found a basalt altar of Yredelemnul.
   432 | D        | Got the +2 halberd "Plojy" {chaos, rC+ rCorr Stlth-}
   463 | D        | Noticed a steam dragon
   463 | D        | Noticed a wyvern
   463 | D        | Noticed a centaur
   463 | D        | Noticed a vampire mosquito
   469 | D        | Killed a steam dragon
   470 | D        | Reached skill level 7 in Fighting
   470 | D        | Reached XP level 6. HP: 25/55 MP: 6/6
   479 | D        | Killed a wyvern
   483 | D        | Reached * piety under Okawaru
   484 | D        | Reached skill level 8 in Fighting
   488 | D        | Reached XP level 7. HP: 14/62 MP: 7/7
   513 | D        | HP: 1/62 [vampire mosquito (5)]
   517 | D        | Slain by a vampire mosquito

Illustrated notes

Levels and vault maps discovered:
D:        linesprint [early_d, line_temple, items_1, d_10, items_2, lair_1,
          lair_end, items_3, orc_1, orc_end, items_4, d_15, swamp_1, shoals_1,
          snake_1, spider_1, d_20, vaults_1, items_5, swamp_end, shoals_end,
          snake_end, spider_end, vaults_end, d_27, items_6, zot_1, zot_end,
          crypt_end, forest_end, elf_end, slime_end, tomb_end, abyss_end,
          pan_hell_end]

Skill      XL: |  1  2  3  4  5  6 |
---------------+-------------------+-----
Axes           | 3 4 6 7 |  7.1
Armour         | 3 5 6 7 |  7.5
Shields        | 3 5 6 7 |  7.5
Fighting       | 4 5 7 8 |  8.2

Action                   |  1- 3 |  4- 6 |  7- 9 || total
-------------------------+-------+-------+-------++-------
Melee: War axe           |    19 |    28 |    25 ||    72
  Use: Potion            |     2 |     2 |     5 ||     9
Armor: Scale mail        |     6 |     9 |    14 ||    29
Dodge: Dodged            |     8 |    15 |    17 ||    40
Block: Buckler           |     4 |    13 |     9 ||    26

Table legend: (Time is in decaauts)
 A = Elapsed time spent in this place.
 B = Non-inter-level travel time spent in this place.
 C = Inter-level travel time spent in this place.
 D = Time resting spent in this place.
 E = Time spent auto-exploring this place.
 F = Levels seen in this place.
 G = Mean time per level.
                   A        B        C        D        E       F      G
               +--------+--------+--------+--------+--------+-----+--------+
         Total |    538 |    538 |      0 |    357 |      0 |   1 |  538.0 |
       Dungeon |    538 |    538 |      0 |    357 |      0 |   1 |  538.0 |
               +--------+--------+--------+--------+--------+-----+--------+

Top non-repeatable levels by time:
       D: 538 daAuts
